 Dungeon Crawl Stone Soup version 0.23-a0-54-gae6112e (webtiles) character file.

898 wazuzu the Sneak (level 8, 0/46 HPs)
             Began as an Octopode Wizard on Aug 8, 2018.
             Was an Initiate of Gozag.
             Slain by a bullfrog zombie (5 damage)
             ... in an ossuary.
             The game lasted 00:16:16 (6323 turns).

wazuzu the Sneak (Octopode Wizard)                  Turns: 6323, Time: 00:16:16

Health: 0/46       AC:  1    Str:  6    XL:     8   Next: 7%
Magic:  4/16       EV: 12    Int: 24    God:    Gozag
Gold:   133        SH:  5    Dex: 11    Spells: 14/18 levels left

rFire    + . .     SeeInvis .   j - +3 dagger (venom)
rCold    . . .     Gourm    .   b - +2 buckler
rNeg     . . .     Faith    .   a - +0 hat
rPois    .         Spirit   .   (no amulet)
rElec    .         Reflect  .   h - ring of protection from fire
rCorr    .         Harm     .   (no ring)
MR       .....     Rnd*Rage +   (no ring)
Stlth    ++++......             (no ring)
HPRegen  0.15/turn              (no ring)
MPRegen  0.15/turn              (no ring)
                                (no ring)
                                (no ring)

@: gold aura
A: almost no armour, stealthy swim, amphibious, 8 rings, constrict 8, tentacle
spike 1, camouflage 1, berserk 1, clever 1, screaming 1, gelatinous body 1
a: Potion Petition, Call Merchant, Bribe Branch, Renounce Religion


You were in an ossuary.
You worshipped Gozag.
Gozag was aware of your devotion.
You were very hungry.

You visited 2 branches of the dungeon, and saw 6 of its levels.
You also visited: Ossuary.

You collected 173 gold pieces.
You paid 40 gold pieces to Gozag.

Inventory:

Hand Weapons
 j - a +3 dagger of venom (weapon)
Armour
 a - a +0 hat (worn)
 b - a +2 buckler (worn)
Jewellery
 h - a ring of protection from fire (left tentacle)
Scrolls
 e - a scroll of teleportation
 g - 2 scrolls of remove curse
 l - 2 scrolls of enchant weapon
Potions
 k - a potion of mutation
 p - a potion of cancellation
Comestibles
 c - 6 rations


   Skills:
 - Level 2.0 Dodging
 - Level 6.5 Stealth
 + Level 0.5 Shields
 * Level 5.8 Spellcasting
 * Level 5.5 Conjurations
   Level 1.0 Summonings
   Level 1.0 Translocations


You had 14 spell levels left.
You knew the following spells:

 Your Spells              Type           Power        Failure   Level  Hunger
a - Mephitic Cloud        Conj/Pois/Air  ###.....     19%         3    #......
z - Magic Dart            Conj           ####         1%          1    None

Your spell library contained the following spells:

 Spells                   Type           Power        Failure   Level  Hunger
 Conjure Flame            Conj/Fire      ###.....     12%         3    #......
 Slow                     Hex            #.......     19%         2    None
 Blink                    Tloc           N/A          13%         2    None
 Call Imp                 Summ           ##......     13%         2    None


Dungeon Overview and Level Annotations

Branches:
Dungeon (5/15)             Temple (1/1) D:4

Altars:
Ashenzari
Dithmenos
Elyvilon
Fedhas
Gozag
Makhleb
Okawaru
Qazlal
Sif Muna
Trog
Uskayaw
Vehumet
Wu Jian
Yredelemnul
Zin
The Shining One

Shops:
D:4 %

Annotations:
D:4 2 transporters, azzavlup's ghost, novice DrTm


Innate Abilities, Weirdness & Mutations

You cannot wear most types of armour.
You are very stealthy in the water. (Stealth+)
You are amphibious.
You can wear up to eight rings at the same time.
You can use your tentacles to constrict eight enemies at once.
Your skin changes colour to match your surroundings (Stealth+).
Your rubbery body absorbs attacks. (AC +1, EV +1)
One of your tentacles bears a spike.
You tend to lose your temper in combat.
Your mind is acute. (Int +2)
You occasionally shout uncontrollably at your foes.


Message History

The bullfrog zombie barely misses you.
Casting: Magic Dart (safe; 1% risk of failure)
Confirm with . or Enter, or press ? or * to list all spells.
Aiming: Magic Dart (safe; 1% risk of failure)
Press: ? - help, Shift-Dir - straight line, f/p - bullfrog zombie
Aim: a bullfrog zombie (lightly damaged)
The magic dart hits the bullfrog zombie.
The bullfrog zombie is moderately damaged.
The bullfrog zombie hits you.
* * * LOW HITPOINT WARNING * * *
Casting: Magic Dart (safe; 1% risk of failure)
Confirm with . or Enter, or press ? or * to list all spells.
Aiming: Magic Dart (safe; 1% risk of failure)
Press: ? - help, Shift-Dir - straight line, f/p - bullfrog zombie
Aim: a bullfrog zombie (moderately damaged)
The magic dart hits the bullfrog zombie.
The bullfrog zombie is heavily damaged.
The bullfrog zombie barely misses you. The bullfrog zombie hits you.
You die...
Your body crumbles into a pile of gold.

####### #@#.#.#
'#+#+#+#Z#'#'###
.............≈P#
.##'##'##'##≈≈#≈#
#.#...#≈.P#≈≈
###.∩.#≈≈## ##
#∩..#≈.P
#####≈≈≈# ≈.≈.#


You could see a bullfrog zombie.

Vanquished Creatures
  Pikel (D:4)
  A howler monkey (D:4)
  A centaur zombie (Ossuary)
  An orc priest (D:4)
  4 orc wizards
  A worker ant (D:4)
  A killer bee zombie (Ossuary)
  2 mummies (Ossuary)
  3 gnolls (D:2)
  4 adders
  An ooze (D:2)
  5 worms
  2 dart slugs
  6 leopard geckos
  12 orcs
  6 giant cockroaches
  9 goblins
  13 hobgoblins
  11 jackals
  A quokka (D:2)
  3 bats
  4 frilled lizards
  A giant cockroach zombie (Ossuary)
  12 kobolds
  A leopard gecko skeleton (D:4)
  5 rats
  A plant (D:1)
112 creatures vanquished.

Vanquished Creatures (others)
  A hound (D:4)
  A worker ant (D:4)
  A frilled lizard (D:4)
  A withered plant (Ossuary)
4 creatures vanquished.

Grand Total: 116 creatures vanquished

Notes
Turn   | Place    | Note
-------+----------+-------------------------------------------
     0 | D:1      | wazuzu the Octopode Wizard began the quest for the Orb.
     0 | D:1      | Reached XP level 1. HP: 11/11 MP: 4/4
   270 | D:1      | Reached skill level 3 in Stealth
   277 | D:1      | Reached XP level 2. HP: 17/17 MP: 0/6
   993 | D:1      | Reached XP level 3. HP: 21/21 MP: 3/7
  1504 | D:2      | Found a burning altar of Makhleb.
  1657 | D:2      | Reached skill level 4 in Stealth
  1854 | D:2      | Found a glowing golden altar of the Shining One.
  1872 | D:2      | Reached XP level 4. HP: 25/27 MP: 5/9
  2107 | D:2      | Found a stormy altar of Qazlal.
  2853 | D:2      | Reached XP level 5. HP: 20/31 MP: 2/10
  3845 | D:2      | Learned a level 3 spell: Mephitic Cloud
  3859 | D:3      | Reached skill level 5 in Stealth
  4129 | D:3      | Reached XP level 6. HP: 9/36 MP: 6/12
  4138 | D:3      | Gained mutation: You tend to lose your temper in combat. [potion of mutation]
  4138 | D:3      | Gained mutation: One of your tentacles bears a spike. [potion of mutation]
  4138 | D:3      | Gained mutation: You occasionally shout uncontrollably at your foes. [potion of mutation]
  4138 | D:3      | Gained mutation: Your mind is acute. (Int +2) [potion of mutation]
  4558 | D:3      | Found a hide-covered altar of Uskayaw.
  5133 | D:4      | Noticed a slave
  5175 | D:4      | Noticed Pikel
  5250 | D:4      | Killed Pikel
  5250 | D:4      | Reached skill level 6 in Stealth
  5250 | D:4      | Reached skill level 5 in Spellcasting
  5250 | D:4      | Reached skill level 5 in Conjurations
  5250 | D:4      | Reached XP level 7. HP: 13/41 MP: 1/15
  5603 | D:4      | Found a transporter.
  5608 | D:4      | Found a transporter.
  5615 | D:4      | Found Kukhliuch's Food Shoppe.
  5675 | D:4      | Noticed azzavlup's ghost (novice DrTm)
  5799 | D:4      | Found a staircase to the Ecumenical Temple.
  5804 | Temple   | Entered the Ecumenical Temple
  5858 | Temple   | Became a worshipper of Gozag Ym Sagoz the Greedy
  6182 | D:5      | Entered Level 5 of the Dungeon
  6186 | D:5      | Found a sand-covered staircase.
  6190 | Ossuary  | Entered an ossuary
  6213 | Ossuary  | Reached XP level 8. HP: 14/46 MP: 10/16
  6323 | Ossuary  | Slain by a bullfrog zombie

Vault maps used:
D:1:      nzn_arrival_depleted_hourglass, lexackson_kobold_supper
D:2:      lemuel_doored_altar, old_standard_altar,
          lemuel_coloured_pillars_altar, first_ration
D:3:      eat_drink_and_be_merry_uskayaw
D:4:      minmay_temple_entry_nine_rooms, serial_shops, shop,
          gammafunk_ghost_arena, uniq_pikel
D:5:      nicolae_ossuary_entry_false_entrances, gup_sewer_entry_glass
Temple:   minmay_temple_bridge_abc
Ossuary:  ossuary_zaba_flooded

Skill      XL: |  1  2  3  4  5  6 |
---------------+-------------------+-----
Stealth        | 3 4 5 6 |  6.5
Conjurations   | 2 3 5 |  5.5
Spellcasting   | 4 5 |  5.8
Dodging        | |  2.0
Shields        | |  0.5
Summonings     | |  1.0
Translocations | |  1.0

Action                   |  1- 3 |  4- 6 |  7- 9 || total
-------------------------+-------+-------+-------++-------
Melee: Unarmed           |    21 |       |       ||    21
       Constrict         |    14 |    16 |     2 ||    32
       Tentacles         |     9 |    10 |     2 ||    21
       Dagger            |    25 |    59 |    10 ||    94
       Kick              |       |     5 |     2 ||     7
 Cast: Magic Dart        |    81 |   171 |    59 ||   311
       Mephitic Cloud    |       |     2 |       ||     2
  Use: Scroll            |       |     4 |     4 ||     8
       Potion            |       |     3 |     1 ||     4
 Stab: Sleeping          |     1 |     3 |       ||     4
  Eat: Chunk             |     3 |    10 |     2 ||    15
Armor: Skin              |     4 |     1 |     1 ||     6
Dodge: Dodged            |    31 |    52 |    26 ||   109
Block: Buckler           |       |       |     4 ||     4

Table legend:
 A = Spawn XP
 B = Non-spawn XP
 C = Spawn XP percentage of total XP
 D = Spawn monster count
 E = Non-spawn monster count
 F = Spawn count percentage of total count
 G = Total turns spent on level
                    A         B        C        D         E        F      G
               +---------+---------+-------+---------+---------+-------+---------
         Total |       0 |    1284 |   0.0 |       0 |     111 |   0.0 |  6323
               +---------+---------+-------+---------+---------+-------+---------
           D:1 |       0 |      61 |   0.0 |       0 |      32 |   0.0 |  1472
           D:2 |       0 |     140 |   0.0 |       0 |      31 |   0.0 |  2680
           D:3 |       0 |     181 |   0.0 |       0 |      26 |   0.0 |   784
           D:4 |       0 |     791 |   0.0 |       0 |      17 |   0.0 |  1102
       Ossuary |       0 |     111 |   0.0 |       0 |       5 |   0.0 |   133
               +---------+---------+-------+---------+---------+-------+---------
